 Dungeon Crawl Stone Soup version 0.27-a0-1202-ge72e49191c (webtiles) character file.

Game seed: 8946732146452050769

40593 jasper the Zephyrmancer (level 13, -2/98 HPs)
             Began as a Demonspawn Wanderer on June 3, 2021.
             Was the Champion of Cheibriados.
             Slain by a fire crab (6 damage)
             ... on level 6 of the Lair of Beasts.
             The game lasted 00:35:40 (22342 turns).

jasper the Zephyrmancer (Demonspawn Wanderer)      Turns: 22342, Time: 00:35:40

Health: -2/98      AC: 11    Str: 27    XL:     13   Next: 75%
Magic:  0/26       EV: 22    Int: 41    God:    Cheibriados [******]
Gold:   1198       SH:  0    Dex: 41    Spells: 9/31 levels left

rFire    . . .     SeeInvis .   t - staff of air
rCold    + . .     Faith    .   (no shield)
rNeg     . . .     Spirit   +   E - +0 steam dragon scales
rPois    +         Reflect  .   v - +0 hat of the Onion {Dex+6}
rElec    +         Harm     .   K - +2 cloak
rCorr    +         Rampage  .   s - +0 pair of gloves
Will     .....                  g - +1 pair of boots
Stlth    +++++.....             (no amulet)
HPRegen  0.26/turn              o - +6 ring of intelligence
MPRegen  0.40/turn              w - ring "Gyskor" {Drain rPois rC+ rCorr Int+4}

@: very slow
A: antennae 2, thin skeletal structure 2, foul stench 2, magic shield, magic
regeneration, magic link
a: Renounce Religion, Bend Time, Temporal Distortion, Slouch, Step From Time


You were on level 6 of the Lair of Beasts.
You worshipped Cheibriados.
Cheibriados was exalted by your worship.
You visited 4 branches of the dungeon, and saw 19 of its levels.

You collected 3061 gold pieces.
You spent 1863 gold pieces at shops.

Inventory:

Hand Weapons
 a - a +0 dagger of flaming
 k - a +1 dagger of venom
 n - a +2 whip of flaming
Missiles
 r - 2 curare-tipped darts
 B - 2 throwing nets
 J - 2 atropa-tipped darts
Armour
 d - a +0 robe
 g - a +1 pair of boots (worn)
 q - a +2 robe of willpower
 s - a +0 pair of gloves (worn)
 v - the +0 hat of the Onion (worn) {Dex+6}
   (You acquired it on level 6 of the Dungeon)

   It affects your dexterity (+6).
 x - +0 acid dragon scales
 E - +0 steam dragon scales (worn)
 K - a +2 cloak (worn)
Magical Staves
 t - a staff of air (weapon)
Jewellery
 o - a +6 ring of intelligence (left hand)
 u - a ring of protection from fire
 w - the ring "Gyskor" (right hand) {Drain rPois rC+ rCorr Int+4}
   (You acquired it on level 6 of the Dungeon)

   [ring of protection from cold]

   It affects your intelligence (+4).
   It protects you from cold.
   It protects you from poison.
   It protects you from acid and corrosion.
   It drains your maximum health when unequipped.
 H - a ring of wizardry
 I - a ring of positive energy
 N - a ring of ice
 P - an amulet of the acrobat
Wands
 y - a wand of flame (28)
 D - a wand of polymorph (6)
 F - a wand of mindburst (20)
Scrolls
 e - 5 scrolls of teleportation
 f - a scroll of fear
 m - 3 scrolls of immolation
 p - 3 scrolls of brand weapon
 C - 3 scrolls of enchant weapon
 Q - 2 scrolls of enchant armour
 R - a scroll of blinking
 S - 2 scrolls of identify
 T - a scroll of summoning
Potions
 b - 6 potions of flight
 c - 2 potions of curing
 h - 3 potions of brilliance
 i - a potion of cancellation
 j - 4 potions of berserk rage
 l - 4 potions of attraction
 z - 2 potions of haste
 A - 3 potions of lignification
 G - 3 potions of heal wounds {unknown}
 L - a potion of mutation {unknown}
 M - a potion of resistance
 O - a potion of might {unknown}


   Skills:
 + Level 7.8 Fighting
 - Level 1.0 Throwing
 + Level 7.0 Dodging
 - Level 1.0 Stealth
 + Level 9.6 Spellcasting
 + Level 10.3 Conjurations
 * Level 12.6 Air Magic
 - Level 1.0 Earth Magic
 - Level 12.0 Invocations


You had 9 spell levels left.
You knew the following spells:

 Your Spells              Type           Power      Damage    Failure   Level
a - Shock                 Conj/Air       100%       1d9       0%          1
b - Static Discharge      Conj/Air       100%       N/A       1%          2
c - Apportation           Tloc           38%        N/A       1%          1
d - Blink                 Tloc           N/A        N/A       2%          2
e - Airstrike             Air            55%        N/A       1%          4
f - Lightning Bolt        Conj/Air       53%        1d75      1%          5
g - Ozocubu's Armour      Ice            19%        N/A       5%          3
h - Animate Skeleton      Necr           38%        N/A       1%          1
i - Mephitic Cloud        Conj/Pois/Air  89%        N/A       1%          3

Your spell library contained the following spells:

 Spells                   Type           Power      Damage    Failure   Level
 Corona                   Hex            21%        N/A       1%          1
 Foxfire                  Conj/Fire      100%       2x1d9     1%          1
 Freeze                   Ice            76%        1d9       1%          1
 Magic Dart               Conj           100%       1d8       1%          1
 Pain                     Necr           76%        1d7       1%          1
 Searing Ray              Conj           100%       3d7       1%          2
 Conjure Flame            Conj/Fire      58%        6-21      1%          3
 Dazzling Flash           Conj/Hex       100%       N/A       1%          3
 Swiftness                Air            100%       N/A       1%          3
 Fulminant Prism          Conj/Hex       29%        3d14      1%          4
 Hailstorm                Conj/Ice       58%        3d13      1%          4
 Iskenderun's Mystic Bla  Conj/Tloc      58%        2d12      1%          4
 Call Imp                 Summ           19%        N/A       2%          2
 Slow                     Hex            19%        N/A       2%          2
 Frozen Ramparts          Ice            38%        1d5       5%          3
 Gell's Gravitas          Tloc           9%         N/A       5%          3
 Inner Flame              Hex/Fire       19%        N/A       5%          3
 Portal Projectile        Hex/Tloc       38%        N/A       5%          3
 Vampiric Draining        Necr           9%         2d7       5%          3
 Leda's Liquefaction      Hex/Erth       11%        N/A       14%         4
 Animate Dead             Necr           9%         N/A       17%         4
 Cause Fear               Hex            9%         N/A       17%         4
 Agony                    Necr           19%        N/A       43%         5
 Metabolic Englaciation   Hex/Ice        9%         N/A       43%         5


Dungeon Overview and Level Annotations

Branches:
Dungeon (11/15)            Temple (1/1) D:4            Lair (6/6) D:8
  Swamp (0/4) Lair:4        Snake (1/4) Lair:3        Slime (0/5) Lair:5
    Orc: D:9-12

Altars:
Ashenzari
Cheibriados
Dithmenos
Elyvilon
Fedhas
Gozag
Hepliaklqana
Kikubaaqudgha
Makhleb
Nemelex Xobeh
Okawaru
Qazlal
Ru
Sif Muna
Trog
Uskayaw
Vehumet
Wu Jian
Xom
Yredelemnul
Zin
The Shining One
Jiyva

Shops:
D:3 ?

Annotations:
D:4 1 runed translucent door, 2 transporters
Lair:4 Nergalle
Lair:5 1 runed translucent door


Innate Abilities, Weirdness & Mutations

You have a pair of antennae on your head.
You have a moderately thin skeletal structure. (Dex +4, Stealth++)
You sometimes emit foul miasma when damaged in melee.
When hurt, damage is shared between your health and your magic reserves.
You regenerate magic rapidly.
When low on magic, you restore magic in place of health.


Message History

Confirm with . or Enter, or press ? or * to list all spells.
You feel a surge of power!
The fire crab is struck by an arc of lightning!
The fire crab is lightly wounded.
The lightning grounds out.
The fire crab breathes flames at you.
The blast of flame engulfs you but does no damage.
You now have 3/26 mp.
Casting: Static Discharge (safe; 1% risk of failure)
Confirm with . or Enter, or press ? or * to list all spells.
You feel a surge of power!
The fire crab is struck by an arc of lightning!
The fire crab is moderately wounded.
The lightning grounds out.
You are engulfed in blazing flames.
The fire crab breathes flames at you. The blast of flame misses you.
You take 18 damage, and have 46/98 hp.
You now have 2/26 mp.
Casting: Static Discharge (safe; 1% risk of failure)
Confirm with . or Enter, or press ? or * to list all spells.
You feel a surge of power!
The fire crab is struck by an arc of lightning!
The fire crab is heavily wounded.
You resist.
You are struck by an arc of lightning.
The fire crab is struck by an arc of lightning.
The fire crab is severely wounded.
You resist.
You are struck by an arc of lightning.
The lightning grounds out.
You are engulfed in blazing flames.
* * * LOW HITPOINT WARNING * * *
The fire crab breathes flames at you. The blast of flame engulfs you!
* * * LOW HITPOINT WARNING * * *
You take 27 damage, and have 19/98 hp.
MASSIVE DAMAGE!!
You now have 1/26 mp.
Okay, then.
Aiming: Mindburst
Press: ? - help, Shift-Dir - straight line, f - fire crab
Aim: a fire crab (severely wounded, chance to affect: 48%)
The fire crab resists with some effort.
You are engulfed in blazing flames.
* * * LOW HITPOINT WARNING * * *
The fire crab bites you.
You die...

#.. ..# ....
..P# ....#
### ....# ...
#.# .....
.....##....#.
#.#........#
#.t††.......
##@†......P
#..†.....# .
##.#..#.##
###. ##.8.##
.....#.....#
.8......<.8#
.....#.....#
.###.##.8.##
. #####


You could see a fire crab.

Vanquished Creatures
  Josephine (Lair:5)
  3 boulder beetles
  3 hydras
  A catoblepas (Lair:3)
  A two-headed ogre (D:11)
  4 death yaks (Lair:3)
  A lindwurm (Lair:4)
  Pikel (D:5)
  8 black mambas
  10 cane toads
  A torpor snail (Lair:5)
  7 rime drakes
  12 komodo dragons
  2 polar bears
  Grinder (D:4)
  Prince Ribbit (D:5)
  18 blink frogs
  A vampire (D:11)
  The ghost of pokeman the Magician, an amateur DEWz (D:4)
  Sigmund (D:5)
  37 yaks
  4 wyverns
  A basilisk (Lair:3)
  6 wraiths
  2 humans (D:9)
  2 steam dragons
  A naga (Lair:3)
  18 water moccasins
  An acid dragon (D:9)
  Duvessa (D:6)
  5 orc warriors
  An ice beast (D:7)
  3 black bears
  8 sky beasts
  3 necrophages (D:5)
  4 wolves (Lair:6)
  2 ogres
  A lemure (D:5)
  14 bullfrogs
  A gnoll sergeant (D:5)
  3 scorpions
  Dowan (D:5)
  9 killer bees
  5 wights (D:6)
  4 howler monkeys
  3 electric eels (Lair:3)
  4 centaur zombies
  6 hounds
  5 orc priests
  2 jellies
  A centaur skeleton (D:7)
  6 iguanas
  14 orc wizards
  A hound skeleton (D:4)
  9 adders
  14 gnolls
  2 shadow imps
  A white imp (D:6)
  2 ufetubi
  2 adder skeletons (D:4)
  2 worms (D:4)
  2 dart slugs
  37 orcs
  3 ball pythons
  6 endoplasms
  7 giant cockroaches
  5 goblins
  A hobgoblin (D:2)
  9 jackals (D:1)
  8 kobolds
  3 quokkas
  5 bats
  3 frilled lizards
  4 rats
382 creatures vanquished.

Vanquished Creatures (others)
  52 fungi
  75 plants
  6 withered plants (D:3)
133 creatures vanquished.

Grand Total: 515 creatures vanquished

Notes
Turn   | Place    | Note
-------+----------+-------------------------------------------
     0 | D:1      | jasper the Demonspawn Wanderer began the quest for the Orb.
     0 | D:1      | jasper set off with the following items: a +0 dagger, a
                  | potion of curing, a +0 robe; and the following spells
                  | available to memorise: Shock, Static Discharge,
                  | Apportation, Swiftness, Airstrike, Gell's Gravitas,
                  | Lightning Bolt
     0 | D:1      | Reached XP level 1. HP: 13/13 MP: 2/2
     2 | D:1      | Learned a level 1 spell: Shock
   571 | D:1      | Gained mutation: You may rarely emit foul miasma when
                  | damaged in melee. [demonic ancestry]
   571 | D:1      | Reached XP level 2. HP: 12/19 MP: 0/4
   617 | D:1      | Learned a level 2 spell: Static Discharge
  1543 | D:1      | Gained mutation: You have a pair of small antennae on your
                  | head. [demonic ancestry]
  1543 | D:1      | Reached XP level 3. HP: 24/24 MP: 1/5
  1545 | D:1      | Learned a level 1 spell: Apportation
  2277 | D:2      | Reached skill level 5 in Air Magic
  2400 | D:2      | Reached XP level 4. HP: 30/30 MP: 5/7
  2843 | D:3      | Learned a level 3 spell: Swiftness
  2858 | D:3      | Found Affarch's Magic Scroll Emporium.
  2865 | D:3      | Bought a scroll of fear for 45 gold pieces
  3558 | D:3      | Found an ancient bone altar of Kikubaaqudgha.
  3650 | D:3      | Found a blossoming altar of Fedhas.
  3772 | D:3      | Gained mutation: You have a somewhat thin skeletal
                  | structure. (Dex +2, Stealth+) [demonic ancestry]
  3772 | D:3      | Reached XP level 5. HP: 35/35 MP: 5/8
  3798 | D:3      | Found a faded altar of an unknown god.
  4916 | D:4      | Found a runed translucent door.
  5064 | D:4      | Gained mutation: You regenerate magic rapidly. [demonic
                  | ancestry]
  5064 | D:4      | Reached XP level 6. HP: 29/41 MP: 0/10
  5069 | D:4      | Learned a level 4 spell: Airstrike
  5360 | D:4      | Found a staircase to the Ecumenical Temple.
  5375 | D:4      | Found a transporter.
  5397 | Temple   | Entered the Ecumenical Temple
  5551 | D:4      | Found a transporter.
  5666 | D:4      | Noticed an ice beast
  6184 | D:4      | Noticed Grinder
  6186 | D:4      | Paralysed by Grinder for 4 turns
  6245 | D:5      | Entered Level 5 of the Dungeon
  6352 | D:5      | Noticed Pikel
  6355 | D:5      | Noticed Prince Ribbit
  6359 | D:5      | Killed Pikel
  6360 | D:5      | Gained mutation: You have a moderately thin skeletal
                  | structure. (Dex +4, Stealth++) [demonic ancestry]
  6360 | D:5      | Reached XP level 7. HP: 46/46 MP: 11/13
  6364 | D:5      | Killed Prince Ribbit
  6365 | D:5      | Reached skill level 5 in Conjurations
  6365 | D:5      | Gained mutation: You sometimes emit foul miasma when
                  | damaged in melee. [demonic ancestry]
  6365 | D:5      | Reached XP level 8. HP: 46/52 MP: 9/15
  6371 | D:5      | Learned a level 5 spell: Lightning Bolt
  6455 | D:5      | Reached skill level 5 in Spellcasting
  6783 | D:5      | Gained mutation: When hurt, damage is shared between your
                  | health and your magic reserves. [demonic ancestry]
  6783 | D:5      | Reached XP level 9. HP: 33/57 MP: 6/18
  6787 | D:5      | Learned a level 3 spell: Ozocubu's Armour
  6909 | D:5      | Found a bloodstained altar of Trog.
  6961 | D:5      | Found a shimmering blue altar of Sif Muna.
  6964 | D:5      | Identified Sif Muna's Compendium of Fetching Ignition
  7278 | D:5      | Noticed Sigmund
  7284 | D:5      | Killed Sigmund
  7285 | D:5      | Reached skill level 1 in Fighting
  7285 | D:5      | Reached skill level 1 in Dodging
  7947 | D:6      | Noticed Duvessa
  7958 | D:6      | Killed Duvessa
  8118 | D:6      | Noticed Dowan
  8130 | D:5      | Killed Dowan
  8409 | D:6      | Found a sacrificial altar of Ru.
  8876 | D:6      | Identified 3 scrolls of acquirement
  8876 | D:6      | Acquired the +0 hat of the Onion {Dex+6}
  8883 | D:6      | Acquired the ring "Gyskor" {Drain rPois rC+ rCorr Int+4}
  8887 | D:6      | Acquired a staff of air
  8911 | D:7      | Learned a level 1 spell: Animate Skeleton
  9021 | D:7      | Found a hide-covered altar of Uskayaw.
  9212 | D:7      | Gained mutation: You have a pair of antennae on your head.
                  | [demonic ancestry]
  9212 | D:7      | Reached XP level 10. HP: 35/70 MP: 10/20
 10034 | D:8      | Found a shimmering altar of Xom.
 10044 | D:8      | Found a snail-covered altar of Cheibriados.
 10051 | D:8      | Became a worshipper of Cheibriados the Contemplative
 11412 | D:8      | Found a staircase to the Lair.
 11932 | D:9      | Reached skill level 10 in Air Magic
 11932 | D:9      | Reached * piety under Cheibriados
 12025 | D:9      | Found a stormy altar of Qazlal.
 12338 | D:9      | Found an iron altar of Okawaru.
 12763 | D:9      | Reached XP level 11. HP: 78/78 MP: 15/22
 12902 | D:10     | Entered Level 10 of the Dungeon
 13070 | D:10     | Reached skill level 5 in Fighting
 13275 | D:10     | Reached ** piety under Cheibriados
 13503 | D:10     | Found a sparkling altar of Nemelex Xobeh.
 13509 | D:10     | Found a basalt altar of Yredelemnul.
 13697 | D:11     | Noticed a five-headed hydra
 13697 | D:11     | Noticed a two-headed ogre
 13701 | D:10     | Killed a five-headed hydra
 14113 | D:11     | Identified the +8 arbalest "Qoagg" {venom, rPois Str+4
                  | SInv}
 14163 | D:11     | Found a shadowy altar of Dithmenos.
 14174 | D:11     | Killed a two-headed ogre
 14317 | D:11     | Noticed a boulder beetle
 14755 | Lair:1   | Entered Level 1 of the Lair of Beasts
 14840 | Lair:1   | Reached skill level 5 in Dodging
 15133 | Lair:1   | Found a transporter.
 15134 | Lair:1   | Found a transporter.
 15134 | Lair:1   | Noticed a boulder beetle
 15956 | Lair:2   | Noticed an eight-headed hydra
 15966 | Lair:2   | Reached *** piety under Cheibriados
 16179 | Lair:2   | Reached XP level 12. HP: 61/89 MP: 6/24
 16184 | Lair:2   | Killed an eight-headed hydra
 16701 | Lair:2   | Learned a level 2 spell: Blink
 17306 | Lair:3   | Noticed a death yak
 17414 | Lair:2   | Reached **** piety under Cheibriados
 17559 | Lair:3   | Reached skill level 1 in Invocations
 17560 | Lair:3   | Noticed a boulder beetle
 17567 | Lair:3   | Killed a boulder beetle
 17641 | Lair:3   | Reached skill level 5 in Invocations
 17847 | Lair:3   | Identified the +0 falchion "Nefydin" {vorpal, +Rage}
 17857 | Lair:3   | Found a shimmering altar of Xom.
 17896 | Lair:3   | Noticed a boulder beetle
 18089 | Lair:3   | Found a staircase to the Snake Pit.
 18094 | Lair:3   | Noticed a death yak
 18099 | Lair:3   | Noticed a death yak
 18100 | Lair:3   | Noticed a death yak
 18114 | Lair:3   | Killed a death yak
 18121 | Lair:3   | Killed a death yak
 18123 | Lair:3   | Killed a death yak
 18123 | Lair:3   | Reached ***** piety under Cheibriados
 18436 | Lair:3   | Noticed a catoblepas
 18442 | Lair:3   | Killed a catoblepas
 18542 | Lair:3   | Killed a death yak
 18543 | Lair:3   | Gained mutation: When low on magic, you restore magic in
                  | place of health. [demonic ancestry]
 18543 | Lair:3   | Reached XP level 13. HP: 96/96 MP: 2/26
 18916 | Lair:3   | Learned a level 3 spell: Mephitic Cloud
 19206 | Snake:1  | Entered Level 1 of the Snake Pit
 19466 | Lair:4   | Reached skill level 10 in Invocations
 20023 | D:4      | Killed Grinder
 20090 | D:4      | Found a runed translucent door.
 20095 | D:4      | Noticed pokeman's ghost (amateur DEWz)
 20316 | D:4      | Killed pokeman's ghost
 20430 | D:3      | Bought a scroll of acquirement for 676 gold pieces
 20430 | D:3      | Acquired 1236 gold pieces
 20432 | D:3      | Bought a scroll of acquirement for 676 gold pieces
 20432 | D:3      | Acquired 737 gold pieces
 20434 | D:3      | Bought a scroll of enchant armour for 97 gold pieces
 20434 | D:3      | Bought a scroll of blinking for 97 gold pieces
 20434 | D:3      | Bought a scroll of enchant armour for 97 gold pieces
 20434 | D:3      | Bought 2 scrolls of identify for 52 gold pieces
 20434 | D:3      | Bought a scroll of summoning for 123 gold pieces
 20848 | Lair:4   | Found a staircase to the Swamp.
 20900 | Lair:4   | Reached skill level 10 in Conjurations
 21056 | Lair:4   | Noticed Nergalle
 21188 | Lair:5   | Noticed Josephine
 21277 | Lair:5   | Killed Josephine
 21735 | Lair:5   | Found a runed translucent door.
 21735 | Lair:5   | Found a viscous altar of Jiyva.
 21761 | Lair:5   | Reached ****** piety under Cheibriados
 22210 | Lair:5   | Found a staircase to the Slime Pits.
 22312 | Lair:6   | Entered Level 6 of the Lair of Beasts
 22342 | Lair:6   | HP: 4/98 [fire crab] (15)]
 22342 | Lair:6   | Slain by a fire crab

Illustrated notes

Levels and vault maps discovered:
D:1:      evilmike_arrival_crescent, layout_basic, serial_forest,
          infiniplex_forest_clump_C, infiniplex_forest_straight_1,
          infiniplex_forest_side_room, infiniplex_forest_corner_1,
          infiniplex_forest_join, infiniplex_forest_straight_3,
          infiniplex_forest_corner_1, infiniplex_forest_straight_3
D:2:      layout_basic, serial_rivers, chequers_serial_rivers_micro_d,
          chequers_serial_rivers_room_a, chequers_serial_rivers_micro_b,
          chequers_serial_rivers_small_b, chequers_serial_rivers_large_b,
          chequers_serial_rivers_micro_e, chequers_mini_garden
D:3:      layout_basic, grunt_temple_overflow_growth_and_decay, serial_shops,
          shop_fountains, hellmonk_ecumenical_altar_blasted,
          kennysheep_generic_room_9
D:4:      gammafunk_cloud_chamber, layout_basic, minmay_temple_entry_overgrown,
          ebering_ghost_sewer_f, uniq_grinder
D:5:      layout_cave_pods, nzn_overflow_gifts_of_might_and_magic,
          kennysheep_generic_room_8, uniq_sigmund, uniq_pikel,
          uniq_prince_ribbit1
D:6:      layout_cave_pools, hangedman_ru_absence, minmay_misc_feat_iff,
          uniq_duvessa
D:7:      layout_rooms, kennysheep_little_box, corexii_leaking_fountain,
          minmay_holes
D:8:      layout_loops_corners, amethyst_overflow_temple_binary,
          erik_lair_dragon, hangedman_abyss_or_decor_passed
D:9:      layout_irregular_city, okawaru_humans,
          nicolae_qazlal_style_of_elements, dk_vineyard_3
D:10:     layout_cave_pools, minitemple
D:11:     layout_roguey, dk_noncrumbling_2, nicolae_dithmenos_shadow_blocks
Temple:   jpeg_temple_alley_garden
Lair:1:   gammafunk_boulding_lane, layout_long_grid, portal_ice_cave_rime,
          minmay_stone_trees_medium, grunt_megastairs_3, lemuel_fruit_tree
Lair:2:   layout_regular_city, gauntlet_entry_generic
Lair:3:   layout_cave_pods, minmay_snake_entry_six_corridors, basic_altar,
          serial_bayou, serial_bayou_shore_b, serial_bayou_pond_b,
          serial_bayou_lake_a, serial_bayou_pond_e, serial_bayou_pond_e
Lair:4:   layout_regular_city, minmay_swamp_entry_reptiles, uniq_nergalle
Lair:5:   layout_hall_layers, slime_altar_2, chequers_serial_rivers_room_b,
          uniq_josephine
Lair:6:   due_jungle_book, layout_regular_city, grunt_megastairs_1
Snake:1:  layout_gridlike, special_room

Skill      XL: |  1  2  3  4  5  6  7  8  9 10 11 12 13 |
---------------+----------------------------------------+-----
Conjurations   | 2 3 4 5 6 7 8 9 10 | 10.3
Spellcasting   | 2 3 4 6 7 8 9 |  9.6
Air Magic      | 5 6 7 9 10 11 12 | 12.6
Fighting       | 3 4 6 7 |  7.8
Dodging        | 2 4 5 6 7 |  7.0
Invocations    | 9 12 | 12.0
Throwing       | |  1.0
Stealth        | |  1.0
Earth Magic    | |  1.0

Action                   |  1- 3 |  4- 6 |  7- 9 | 10-12 | 13-15 || total
-------------------------+-------+-------+-------+-------+-------++-------
Melee: Dagger            |    32 |    47 |    42 |       |       ||   121
       Staff             |       |       |     4 |    58 |     4 ||    66
 Cast: Shock             |    72 |   140 |   237 |   321 |    92 ||   862
       Airstrike         |       |       |     9 |    23 |    21 ||    53
       Static Discharge  |       |       |     4 |    40 |    44 ||    88
       Ozocubu's Armour  |       |       |     1 |       |     1 ||     2
       Lightning Bolt    |       |       |       |   103 |    39 ||   142
Evoke: Wand              |       |     3 |     2 |    32 |     1 ||    38
  Use: Scroll            |       |     5 |     6 |     6 |     4 ||    21
       Potion            |       |       |     1 |     2 |       ||     3
Armor: Robe              |    18 |    20 |    44 |    16 |       ||    98
       Steam dragon scal |       |       |       |    81 |    15 ||    96
Dodge: Dodged            |    36 |    53 |    83 |   288 |    57 ||   517

Table legend: (Time is in decaauts)
 A = Elapsed time spent in this place.
 B = Non-inter-level travel time spent in this place.
 C = Inter-level travel time spent in this place.
 D = Time resting spent in this place.
 E = Time spent auto-exploring this place.
 F = Levels seen in this place.
 G = Mean time per level.
                   A        B        C        D        E       F      G
               +--------+--------+--------+--------+--------+-----+--------+
         Total |  26769 |  24368 |   2401 |   3407 |  18101 |  19 | 1408.9 |
       Dungeon |  17091 |  15419 |   1672 |   2027 |  11465 |  11 | 1553.7 |
        Temple |    100 |     57 |     43 |      0 |     34 |   1 |  100.0 |
          Lair |   9571 |   8886 |    685 |   1380 |   6602 |   6 | 1595.2 |
     Snake Pit |      5 |      5 |      0 |      0 |      0 |   1 |    5.0 |
               +--------+--------+--------+--------+--------+-----+--------+

Top non-repeatable levels by time:
  Lair:3: 2697 daAuts
     D:4: 2565 daAuts
     D:8: 2452 daAuts
  Lair:2: 2198 daAuts
     D:5: 1939 daAuts
  Lair:1: 1920 daAuts
     D:1: 1854 daAuts
  Lair:5: 1838 daAuts
     D:3: 1658 daAuts
     D:9: 1500 daAuts
    D:10: 1160 daAuts
     D:7: 1113 daAuts
     D:2: 1015 daAuts
    D:11: 969 daAuts
  Lair:4: 878 daAuts
